TOP OF THE 1ST |
Richmond Flairs batting - Pitching for Birmingham Barons : RHP Ken Lyons
|
Pitching: RHP Ken Lyons
|
|
Batting: RHB Lonson Seals
|
0-0: SINGLE (Groundball, 6MS) (infield hit)
|
Batting: RHB Iván De Jesús
|
0-0: Ball 1-0: Called Strike 1-1: Reached on error, E3 (Groundball, 34S) Lonson Seals to second
|
Batting: SHB Jeremy Holmes
|
0-0: Called Strike 0-1: Ball 1-1: Foul Ball, location: 2F 1-2: Ball 2-2: Strikes out looking
|
Batting: LHB Sean Nicks
|
0-0: Called Strike 0-1: Called Strike 0-2: Ball 1-2: Foul Ball, location: 2F 1-2: Ball 2-2: Foul Ball, location: 2F 2-2: Foul Ball, location: 2F 2-2: Grounds into double play, 3-6-3 (Groundball, 34)
|
Top of the 1st over - 0 runs, 1 hit, 1 error, 1 left on base; Richmond 0 - Birmingham 0 |
BOTTOM OF THE 1ST |
Birmingham Barons batting - Pitching for Richmond Flairs : RHP Bryce Davis
|
Pitching: RHP Bryce Davis
|
|
Batting: LHB Alberto Santos
|
0-0: Ground out 4-3 (Groundball, 4)
|
Batting: SHB Randy Anderson
|
0-0: Called Strike 0-1: Ground out 6-3 (Groundball, 6)
|
Batting: LHB Chris Miller
|
0-0: Ball 1-0: Fly out, F4 (Popup, 34S)
|
Bottom of the 1st over - 0 runs, 0 hits, 0 errors, 0 left on base; Richmond 0 - Birmingham 0 |
TOP OF THE 2ND |
Richmond Flairs batting - Pitching for Birmingham Barons : RHP Ken Lyons
|
Batting: LHB Roland Jones
|
0-0: Ball 1-0: Ball 2-0: Ball 3-0: Base on Balls
|
Batting: RHB Joe Courtier
|
0-0: Called Strike 0-1: Ball 1-1: Swinging Strike 1-2: Strikes out swinging
|
Batting: LHB R.J. Courtney
|
0-0: Ball 1-0: Fly out, F9 (Flyball, 89D)
|
Batting: RHB Christian Hudson
|
0-0: Ground out 5-3 (Groundball, 56S)
|
Top of the 2nd over - 0 runs, 0 hits, 0 errors, 1 left on base; Richmond 0 - Birmingham 0 |
BOTTOM OF THE 2ND |
Birmingham Barons batting - Pitching for Richmond Flairs : RHP Bryce Davis
|
Batting: RHB Bryant von Bohlen
|
0-0: Ball 1-0: Ball 2-0: Called Strike 2-1: Foul Ball, location: 2F 2-2: SOLO HOME RUN (Flyball, 7LD), Distance : 332 ft
|
Batting: RHB Carlos Vásquez
|
0-0: Swinging Strike 0-1: Foul Ball, location: 2F 0-2: DOUBLE (Line Drive, 7LM)
|
Batting: RHB Bob McDonald
|
0-0: Ball 1-0: Ball 2-0: Called Strike 2-1: Foul Ball, location: 2F 2-2: Foul Ball, location: 2F 2-2: Strikes out swinging
|
Batting: RHB Dean Bailey
|
0-0: Ground out 5-3 (Groundball, 5L)
|
Batting: RHB Reinaldo Amarante
|
0-0: Ball 1-0: SINGLE (Line Drive, 34D) Carlos Vásquez to third Runner from 3rd tries for Home, SAFE, no throw
|
Batting: RHB Dave Dawson
|
0-0: Called Strike 0-1: Foul Ball, location: 2F 0-2: Strikes out looking
|
Bottom of the 2nd over - 2 runs, 3 hits, 0 errors, 1 left on base; Richmond 0 - Birmingham 2 |
TOP OF THE 3RD |
Richmond Flairs batting - Pitching for Birmingham Barons : RHP Ken Lyons
|
Batting: RHB Alejandro Ramos
|
0-0: Ball 1-0: Ball 2-0: DOUBLE (Groundball, 3D)
|
Batting: RHB Lonson Seals
|
0-0: Ball 1-0: Called Strike 1-1: Foul Ball, location: 2F 1-2: Strikes out looking
|
Batting: RHB Iván De Jesús
|
0-0: Ball 1-0: SINGLE (Line Drive, 56) Alejandro Ramos to third Runner from 3rd tries for Home, SAFE, no throw
|
Batting: SHB Jeremy Holmes
|
0-0: Ball 1-0: Foul Ball, location: 2F 1-1: Ball 2-1: Fly out, F5 (Line Drive, 56)
|
Batting: LHB Sean Nicks
|
0-0: Foul Ball, location: 2F 0-1: Swinging Strike 0-2: Ball 1-2: Ball 2-2: Ball 3-2: Foul Ball, location: 2F 3-2: Fly out, F7 (Flyball, 7S)
|
Top of the 3rd over - 1 run, 2 hits, 0 errors, 1 left on base; Richmond 1 - Birmingham 2 |
BOTTOM OF THE 3RD |
Birmingham Barons batting - Pitching for Richmond Flairs : RHP Bryce Davis
|
Batting: LHB Alberto Santos
|
0-0: Ball 1-0: Called Strike 1-1: Ball 2-1: Ground out 3-1 (Groundball, 34S)
|
Batting: SHB Randy Anderson
|
0-0: Ball 1-0: Foul Ball, location: 2F 1-1: Foul Ball, location: 2F 1-2: Foul Ball, location: 2F 1-2: Foul Ball, location: 2F 1-2: Ball 2-2: Ground out 6-3 (Groundball, 6)
|
Batting: LHB Chris Miller
|
0-0: Ball 1-0: Called Strike 1-1: Ball 2-1: Foul Ball, location: 2F 2-2: Ball 3-2: Strikes out swinging
|
Bottom of the 3rd over - 0 runs, 0 hits, 0 errors, 0 left on base; Richmond 1 - Birmingham 2 |
TOP OF THE 4TH |
Richmond Flairs batting - Pitching for Birmingham Barons : RHP Ken Lyons
|
Batting: LHB Roland Jones
|
0-0: Ball 1-0: Fly out, F9 (Flyball, 9LSF)
|
Batting: RHB Joe Courtier
|
0-0: SINGLE (Groundball, 34D)
|
Batting: LHB R.J. Courtney
|
0-0: Called Strike 0-1: Called Strike 0-2: Fly out, F8 (Flyball, 8RXD)
|
Batting: RHB Christian Hudson
|
0-0: Foul Ball, location: 2F 0-1: Ball 1-1: Called Strike 1-2: Ball 2-2: SINGLE (Flyball, 78S) Joe Courtier to second
|
Batting: RHB Alejandro Ramos
|
0-0: Ball 1-0: Foul Ball, location: 2F 1-1: Called Strike 1-2: Ball 2-2: Reached on error, E3 (Groundball, 34) Joe Courtier to third Christian Hudson to second
|
Batting: RHB Lonson Seals
|
0-0: Called Strike 0-1: Reached on error, E5 (Groundball, 56) Joe Courtier scores Christian Hudson to third Alejandro Ramos to second
|
Batting: RHB Iván De Jesús
|
0-0: Ball 1-0: Ball 2-0: Ground out U3 (Groundball, 3D)
|
Top of the 4th over - 1 run, 2 hits, 2 errors, 3 left on base; Richmond 2 - Birmingham 2 |
BOTTOM OF THE 4TH |
Birmingham Barons batting - Pitching for Richmond Flairs : RHP Bryce Davis
|
Batting: RHB Bryant von Bohlen
|
0-0: Swinging Strike 0-1: Called Strike 0-2: Ball 1-2: Foul Ball, location: 2F 1-2: SINGLE (Line Drive, 8LS)
|
Batting: RHB Carlos Vásquez
|
0-0: Called Strike 0-1: Ball 1-1: Ball 2-1: Foul Ball, location: 2F 2-2: Foul Ball, location: 2F 2-2: Strikes out swinging
|
Batting: RHB Bob McDonald
|
0-0: Called Strike 0-1: Ball 1-1: Fly out, F4 (Popup, 4M)
|
Batting: RHB Dean Bailey
|
0-0: Ball 1-0: Called Strike 1-1: Ground out 5-3 (Groundball, 5S)
|
Bottom of the 4th over - 0 runs, 1 hit, 0 errors, 1 left on base; Richmond 2 - Birmingham 2 |
TOP OF THE 5TH |
Richmond Flairs batting - Pitching for Birmingham Barons : RHP Ken Lyons
|
Batting: SHB Jeremy Holmes
|
0-0: Ball 1-0: SINGLE (Groundball, 6) (infield hit)
|
Batting: LHB Sean Nicks
|
0-0: Ball 1-0: SINGLE (Groundball, 4D) Jeremy Holmes to second Runner from 2nd tries for 3rd, SAFE, no throw
|
Batting: LHB Roland Jones
|
0-0: Foul Ball, location: 2F 0-1: Ball 1-1: Reached on error, E9 (Flyball, 89S) Jeremy Holmes scores Sean Nicks to second
|
Batting: RHB Joe Courtier
|
0-0: Grounds into double play, 1-6-3 (Groundball, P) Sean Nicks to third
|
Batting: LHB R.J. Courtney
|
0-0: Called Strike 0-1: SINGLE (Line Drive, 89S) Sean Nicks scores
|
Batting: RHB Christian Hudson
|
0-0: Swinging Strike 0-1: Foul Ball, location: 2F 0-2: Ball 1-2: Fly out, F7 (Flyball, 7)
|
Top of the 5th over - 2 runs, 3 hits, 1 error, 1 left on base; Richmond 4 - Birmingham 2 |
BOTTOM OF THE 5TH |
Birmingham Barons batting - Pitching for Richmond Flairs : RHP Bryce Davis
|
Batting: RHB Reinaldo Amarante
|
0-0: Ball 1-0: Fly out, F4 (Flyball, 34D)
|
Batting: RHB Dave Dawson
|
0-0: Ball 1-0: SINGLE (Flyball, 9LS)
|
Batting: LHB Alberto Santos
|
0-0: Ball 1-0: Ball 2-0: SINGLE (Groundball, 34D) Dave Dawson to second Runner from 2nd tries for 3rd, SAFE, no throw
|
Batting: SHB Randy Anderson
|
0-0: Ball 1-0: Called Strike 1-1: Foul Ball, location: 2F 1-2: Grounds into double play, 4-6-3 (Groundball, 4)
|
Bottom of the 5th over - 0 runs, 2 hits, 0 errors, 1 left on base; Richmond 4 - Birmingham 2 |
TOP OF THE 6TH |
Richmond Flairs batting - Pitching for Birmingham Barons : RHP Ken Lyons
|
Batting: RHB Alejandro Ramos
|
0-0: Called Strike 0-1: Fly out, F4 (Line Drive, 4M)
|
Batting: RHB Lonson Seals
|
0-0: Fly out, F8 (Flyball, 8RM)
|
Batting: RHB Iván De Jesús
|
0-0: Foul Ball, location: 2F 0-1: Ball 1-1: Called Strike 1-2: Foul Ball, location: 2F 1-2: Foul Ball, location: 2F 1-2: Ball 2-2: Ball 3-2: Foul Ball, location: 2F 3-2: SINGLE (Groundball, 6MD)
|
Batting: SHB Jeremy Holmes
|
0-0: Called Strike 0-1: Foul Ball, location: 2F 0-2: Strikes out swinging
|
Top of the 6th over - 0 runs, 1 hit, 0 errors, 1 left on base; Richmond 4 - Birmingham 2 |
BOTTOM OF THE 6TH |
Birmingham Barons batting - Pitching for Richmond Flairs : RHP Bryce Davis
|
Batting: LHB Chris Miller
|
0-0: Ball 1-0: Ground out 1-3 (Groundball, 13)
|
Batting: RHB Bryant von Bohlen
|
0-0: Called Strike 0-1: SINGLE (Flyball, 9LS)
|
Batting: RHB Carlos Vásquez
|
0-0: Called Strike 0-1: Foul Ball, location: 2F 0-2: Foul Ball, location: 2F 0-2: Ball 1-2: Fly out, F4 (Popup, 4S)
|
Batting: RHB Bob McDonald
|
0-0: Fly out, F8 (Flyball, 8LXD)
|
Bottom of the 6th over - 0 runs, 1 hit, 0 errors, 1 left on base; Richmond 4 - Birmingham 2 |
TOP OF THE 7TH |
Richmond Flairs batting - Pitching for Birmingham Barons : RHP Ken Lyons
|
Pitching: RHP Clancy Steele
|
|
Batting: LHB Sean Nicks
|
0-0: Called Strike 0-1: Ball 1-1: Ground out 4-3 (Groundball, 4)
|
Pitching: LHP António Coronado
|
|
Batting: LHB Roland Jones
|
0-0: Ball 1-0: Called Strike 1-1: Foul Ball, location: 2F 1-2: Foul Ball, location: 2F 1-2: Foul Ball, location: 2F 1-2: Ball 2-2: SINGLE (Groundball, 34D)
|
Pitching: RHP Carlos Castillo
|
|
Batting: RHB Joe Courtier
|
0-0: Called Strike 0-1: Ball 1-1: Ball 2-1: Fly out, F8 (Flyball, 8RD)
|
Batting: LHB R.J. Courtney
|
0-0: Swinging Strike 0-1: Ball 1-1: Called Strike 1-2: Strikes out looking
|
Top of the 7th over - 0 runs, 1 hit, 0 errors, 1 left on base; Richmond 4 - Birmingham 2 |
BOTTOM OF THE 7TH |
Birmingham Barons batting - Pitching for Richmond Flairs : RHP Bryce Davis
|
Batting: RHB Dean Bailey
|
0-0: Called Strike 0-1: Ball 1-1: Called Strike 1-2: Strikes out looking
|
Batting: RHB Reinaldo Amarante
|
0-0: Called Strike 0-1: Called Strike 0-2: Ball 1-2: Ball 2-2: Strikes out swinging
|
Batting: RHB Dave Dawson
|
0-0: Ball 1-0: Swinging Strike 1-1: Called Strike 1-2: Ball 2-2: Foul Ball, location: 2F 2-2: Foul Ball, location: 2F 2-2: Ground out 3-1 (Groundball, 34)
|
Bottom of the 7th over - 0 runs, 0 hits, 0 errors, 0 left on base; Richmond 4 - Birmingham 2 |
TOP OF THE 8TH |
Richmond Flairs batting - Pitching for Birmingham Barons : RHP Carlos Castillo
|
Batting: RHB Christian Hudson
|
0-0: Called Strike 0-1: Ball 1-1: Called Strike 1-2: Foul Ball, location: 2F 1-2: Foul Ball, location: 2F 1-2: Strikes out swinging
|
Batting: RHB Alejandro Ramos
|
0-0: Called Strike 0-1: Called Strike 0-2: Ball 1-2: Foul Ball, location: 2F 1-2: Ball 2-2: Foul Ball, location: 2F 2-2: Strikes out looking
|
Batting: RHB Lonson Seals
|
0-0: Ball 1-0: Fly out, F9 (Flyball, 9S)
|
Top of the 8th over - 0 runs, 0 hits, 0 errors, 0 left on base; Richmond 4 - Birmingham 2 |
BOTTOM OF THE 8TH |
Birmingham Barons batting - Pitching for Richmond Flairs : RHP Bryce Davis
|
Batting: LHB Alberto Santos
|
0-0: DOUBLE (Line Drive, 78D)
|
Batting: SHB Randy Anderson
|
0-0: Called Strike 0-1: Ball 1-1: Ball 2-1: Ball 3-1: Base on Balls
|
Batting: LHB Chris Miller
|
0-0: Foul Ball, location: 2F 0-1: Ball 1-1: SINGLE (Groundball, 4MD) Alberto Santos to third Randy Anderson to second Runner from 3rd tries for Home, SAFE, no throw
|
Pitching: RHP Sandro Gonzáles
|
|
Batting: RHB Bryant von Bohlen
|
0-0: Called Strike 0-1: Ball 1-1: Foul Ball, location: 2F 1-2: Foul Ball, location: 2F 1-2: Foul Ball, location: 2F 1-2: Ball 2-2: SINGLE (Flyball, 89M) Randy Anderson to third Chris Miller to second Runner from 3rd tries for Home, SAFE, no throw
|
Batting: RHB Carlos Vásquez
|
0-0: Called Strike 0-1: Ball 1-1: Ground out 5-3 (Groundball, 56S) Chris Miller to third Bryant von Bohlen to second
|
Batting: RHB Bob McDonald
|
0-0: Ball 1-0: Ball 2-0: Swinging Strike 2-1: SINGLE (Line Drive, 6M) Chris Miller scores Bryant von Bohlen to third Runner from 3rd tries for Home, SAFE, no throw
|
Batting: RHB Dean Bailey
|
0-0: Called Strike 0-1: SINGLE (Groundball, 56D) Bob McDonald to second
|
Batting: RHB Reinaldo Amarante
|
0-0: Called Strike 0-1: Ball 1-1: Ball 2-1: Ball 3-1: Base on Balls Bob McDonald to third Dean Bailey to second
|
Batting: RHB Dave Dawson
|
0-0: Ball 1-0: Ball Passed Ball! Bob McDonald scores Dean Bailey to third Reinaldo Amarante to second 2-0: Ball 3-0: Base on Balls
|
Batting: LHB Alberto Santos
|
0-0: Foul Ball, location: 2F 0-1: Grounds into fielders choice 5-2 (Groundball, 25) Reinaldo Amarante to third Dave Dawson to second
|
Batting: SHB Randy Anderson
|
0-0: Ball 1-0: Fly out, F9 (Flyball, 9)
|
Bottom of the 8th over - 5 runs, 5 hits, 0 errors, 3 left on base; Richmond 4 - Birmingham 7 |
TOP OF THE 9TH |
Richmond Flairs batting - Pitching for Birmingham Barons : RHP Carlos Castillo
|
Pitching: LHP Jeremy Meyer
|
|
Now at 1B: Juan Jiménez
|
|
Batting: RHB Iván De Jesús
|
0-0: Called Strike 0-1: Called Strike 0-2: Foul Ball, location: 2F 0-2: Ball 1-2: Ball 2-2: Ball 3-2: Foul Ball, location: 2F 3-2: Base on Balls
|
Batting: SHB Jeremy Holmes
|
0-0: Foul Ball, location: 2F 0-1: Ball 1-1: Ball 2-1: Called Strike 2-2: Foul Ball, location: 2F 2-2: Ball 3-2: Strikes out swinging
|
Batting: LHB Sean Nicks
|
0-0: Ball 1-0: SINGLE (Groundball, 4MD) Iván De Jesús to second
|
Pinch Hitting: RHB Liangde Que
|
0-0: Ball 1-0: Ball 2-0: Foul Ball, location: 2F 2-1: Grounds into double play, 6-4-3 (Groundball, 56)
|
Top of the 9th over - 0 runs, 1 hit, 0 errors, 1 left on base; Richmond 4 - Birmingham 7 |
|